 Dungeon Crawl Stone Soup version 0.25.1-9-gc5326a611f (webtiles) character file.

Game seed: 16354116271859110170

3 promet the Vexing (level 1, 17/17 HPs)
             Began as a Gnoll Arcane Marksman on Dec 30, 2020.
             Quit the game on level 1 of the Dungeon on Mar 28, 2021.
             The game lasted 00:05:51 (501 turns).

promet the Vexing (Gnoll Arcane Marksman)            Turns: 501, Time: 00:05:52

Health: 17/17      AC:  2    Str: 12    XL:     1   Next: 50%
Magic:  4/4        EV: 14    Int: 15    God:
Gold:   40         SH:  0    Dex: 15    Spells: 4/5 levels left

rFire    . . .     SeeInvis .   a - +0 dagger
rCold    . . .     Gourm    .   (no shield)
rNeg     . . .     Faith    .   e - +0 robe
rPois    .         Spirit   .   (no helmet)
rElec    .         Reflect  .   (no cloak)
rCorr    .         Harm     .   (no gloves)
MR       .....                  (no boots)
Stlth    +.........             (no amulet)
HPRegen  0.05/turn              (no ring)
MPRegen  0.09/turn              (no ring)

@: no status effects
A: distributed training, fangs 1, strong nose
a: no special abilities


You were on level 1 of the Dungeon.
You were not hungry.

You visited 1 branch of the dungeon, and saw 1 of its levels.

You collected 40 gold pieces.

Inventory:

Hand Weapons
 a - a +0 dagger (weapon)
 b - a +0 hand crossbow
 l - a +0 hunting sling
Missiles
 d - 37 bolts
 h - 27 arrows
 j - 42 stones (quivered)
 k - 12 sling bullets
Armour
 e - a +0 robe (worn)
 g - a +0 plate armour
Scrolls
 c - a scroll of noise {unknown}
Potions
 i - a potion of lignification
Comestibles
 f - 2 rations
 m - 4 chunks of flesh


   Skills:
 + Level 2.3 Fighting
 + Level 0.0 Short Blades
 + Level 0.0 Long Blades
 + Level 0.0 Axes
 + Level 0.0 Maces & Flails
 + Level 0.0 Polearms
 + Level 0.0 Staves
 + Level 0.0 Slings
 + Level 0.0 Bows
 + Level 4.4 Crossbows
 + Level 0.0 Throwing
 + Level 0.0 Armour
 + Level 4.4 Dodging
 + Level 0.0 Stealth
 + Level 0.0 Shields
 + Level 0.0 Unarmed Combat
 + Level 2.6 Spellcasting
 + Level 0.0 Conjurations
 + Level 5.3 Hexes
 + Level 0.0 Charms
 + Level 0.0 Summonings
 + Level 0.0 Necromancy
 + Level 0.0 Translocations
 + Level 0.0 Transmutations
 + Level 0.0 Fire Magic
 + Level 0.0 Ice Magic
 + Level 0.0 Air Magic
 + Level 0.0 Earth Magic
 + Level 0.0 Poison Magic
 + Level 0.1 Invocations
 + Level 0.0 Evocations


You had 4 spell levels left.
You knew the following spells:

 Your Spells              Type           Power        Failure   Level  Hunger
a - Corona                Hex            ###....      2%          1    #......

Your spell library contained the following spells:

 Spells                   Type           Power        Failure   Level  Hunger
 Slow                     Hex            ###.....     3%          2    ###....
 Inner Flame              Hex/Fire       ##......     21%         3    ###....
 Portal Projectile        Hex/Tloc       ##....       21%         3    ###....
 Cause Fear               Hex            ###.......   22%         4    #####..
 Leda's Liquefaction      Hex/Erth       ##........   56%         4    #####..


Dungeon Overview and Level Annotations

Branches:
Dungeon (1/15)

Altars:


Innate Abilities, Weirdness & Mutations

Your experience applies equally to all skills.
You have very sharp teeth.
Your uncanny sense of smell can sniff out nearby items.


Message History

You see here a bat corpse.
You butcher the bat corpse.
m - 3 chunks of flesh (gained 1)
You see here a bat skeleton.
Found 13 gold pieces.
A rat comes into view.
You see here 13 gold pieces.
You completely miss the rat. The rat bites you.
You hit the rat.
You kill the rat!
You see here a rat corpse.
You butcher the rat corpse.
m - 4 chunks of flesh (gained 1)
You see here a rat skeleton.
You now have 40 gold pieces (gained 13).
Unknown command.
Welcome back, promet the Gnoll Arcane Marksman.
Press ? for a list of commands and other information.
Unknown command.
Are you sure you want to abandon this character and quit the game? (Confirm with "yes".)

#.....#########.#.#......
#.#.#.#....####.#.#......
##.#.#.##.#.#....#.#......
#......##.#.##.#.#.#.#####
#......##.#....#.#.#.#
#......##)######.#.#.#
#......##..###.....#.#
#......##....##....#.#
######...@....##.....#
######....##รท...##
##....##....##
##....##....##
##....###...# ####.##...##
#.....#### ####......
#######


There were no monsters in sight!

Vanquished Creatures
  A goblin (D:1)
  2 bats (D:1)
  A rat (D:1)
4 creatures vanquished.

Notes
Turn   | Place    | Note
-------+----------+-------------------------------------------
     0 | D:1      | promet the Gnoll Arcane Marksman began the quest for the
                  | Orb.
     0 | D:1      | Reached XP level 1. HP: 17/17 MP: 4/4
   501 | D:1      | Quit the game

Illustrated notes

Levels and vault maps discovered:
D:1:      dpeg_arrival_shelter, layout_basic, nrook_mini_backslash, st_stairs_6

Action                   || total
-------------------------++-------
Melee: Dagger            ||     5
 Fire: Hand crossbow     ||     7
Throw: Stone             ||     2
 Cast: Corona            ||     1
  Use: Scroll            ||     3
       Potion            ||     2
Armor: Robe              ||     3
Dodge: Dodged            ||     7
